Map: Ruins of Endion

Players

ThisGameSuck

  • Race: Protoss Protoss
  • League: Grandmaster

Lind - Winner!

  • Race: Protoss Protoss
  • League: Grandmaster

VOD

Have the link to the VOD?

Description

Time

  • Played on: June 30, 2016, 9:32 a.m.
  • Length: 5:49
Show
View Real Time Build Order
Export as new Build Order

ThisGameSuck Protoss 

Build Orders:  

Get SALT Encoding   

  12  0:02  Probe (Chrono Boost)  
  13  0:13  Probe (Chrono Boost)  
  14  0:19  Pylon  
  14  0:25  Probe (Chrono Boost)  
  15  0:37  Probe (Chrono Boost)  
  15  0:38  Gateway  
  16  0:48  Probe (Chrono Boost)  
  16  0:49  Assimilator  
  17  0:54  Assimilator  
  17  0:59  Probe (Chrono Boost)  
  18  1:09  Probe (Chrono Boost)  
  18  1:10  Gateway  
  19  1:20  Probe (Chrono Boost)  
  20  1:25  Cybernetics Core  
  20  1:30  Probe (Chrono Boost)  
  21  1:37  Pylon  
  21  1:41  Probe (Chrono Boost)  
  22  1:51  Probe (Chrono Boost)  
  23  2:02  Probe (Chrono Boost)  
  23  2:05  Stalker, Warp Gate (Chrono Boost)  
  26  2:08  Stalker  
  26  2:13  Mothership Core  
  30  2:19  Pylon  
  30  2:34  Probe  
  31  2:38  Sentry  
  33  2:46  Probe  
  33  2:47  Sentry  
  36  3:03  Nexus  
  36  3:11  Probe  
  32  3:26  Probe (Chrono Boost)  
  31  3:37  Probe (Chrono Boost)  
  32  3:45  Robotics Facility  
  32  3:48  Probe (Chrono Boost)  
  33  3:58  Probe (Chrono Boost)  
  33  4:00  Twilight Council  
  34  4:10  Probe (Chrono Boost)  
  34  4:14  Stalker x2  
  38  4:17  Probe (Chrono Boost)  
  38  4:20  Probe (Chrono Boost)  
  39  4:30  Probe (Chrono Boost)  
  41  4:31  Probe (Chrono Boost)  
  41  4:44  Probe x2 (Chrono Boost)  
  43  4:54  Probe (Chrono Boost)  
  43  4:55  Probe (Chrono Boost)  
  45  5:05  Probe (Chrono Boost)  
  44  5:10  Nexus  
  44  5:11  Probe (Chrono Boost)  
  45  5:15  Probe (Chrono Boost)  
  45  5:16  Observer  
  47  5:22  Probe (Chrono Boost)  
  47  5:27  Probe  
  49  5:31  Pylon  
Show
View Real Time Build Order
Export as new Build Order

Lind Protoss - Winner!

Build Orders: Oracle Opening 

Get SALT Encoding   

  12  0:01  Probe (Chrono Boost)  
  13  0:11  Probe (Chrono Boost)  
  14  0:17  Pylon  
  14  0:22  Probe (Chrono Boost)  
  15  0:36  Probe (Chrono Boost)  
  15  0:37  Gateway  
  16  0:42  Assimilator  
  16  0:46  Probe (Chrono Boost)  
  17  0:50  Assimilator  
  18  0:57  Probe (Chrono Boost)  
  18  1:04  Gateway  
  18  1:07  Probe (Chrono Boost)  
  19  1:18  Probe (Chrono Boost)  
  20  1:24  Cybernetics Core  
  20  1:28  Probe (Chrono Boost)  
  21  1:36  Pylon  
  21  1:39  Probe (Chrono Boost)  
  22  1:49  Probe (Chrono Boost)  
  23  2:01  Adept x2, Mothership Core (Chrono Boost)  
  29  2:04  Warp Gate  
  29  2:12  Pylon  
  29  2:19  Probe (Chrono Boost)  
  30  2:30  Stalker (Chrono Boost)  
  30  2:32  Stargate  
  32  3:13  Nexus  
  32  3:16  Pylon  
  28  3:29  Robotics Facility  
  28  3:30  Oracle (Chrono Boost)  
  28  3:31  Probe  
  32  3:40  Stalker  
  32  3:45  Stalker  
  34  3:49  Probe  
  35  4:02  Probe  
  36  4:06  Pylon  
  36  4:17  Probe  
  37  4:26  Probe  
  37  4:29  Probe  
  36  4:31  Immortal (Chrono Boost)  
  36  4:34  Stalker  
  36  4:36  Sentry, Probe  
  45  4:41  Probe  
  46  4:47  Probe  
  46  4:51  Twilight Council  
  47  4:53  Probe  
  48  5:09  Probe  
  48  5:10  Immortal (Chrono Boost), Probe  
  48  5:14  Stalker  
  56  5:16  Assimilator  
  56  5:19  Probe  
  56  5:21  Assimilator  
  57  5:23  Probe  
  58  5:30  Probe  
  58  5:35  Probe  
  60  5:37  Nexus  
Tags
 
Add a new tag
Caveats
  • Supply blocks, unpowered buildings, or Contaminate may cause inaccurate times.
  • Supply counts are checked every 10 seconds.